 Dungeon Crawl Stone Soup version 0.29.0-11-gd7f09526c8 (webtiles) character file.

Game seed: 2608095810888895057

1659 sanka the Cleaver (level 9, 0/74 HPs)
             Began as a Ghoul Monk on Sept 4, 2022.
             Slain by a wight
             ... wielding a +0 great sword
              (5 damage)
             ... on level 6 of the Dungeon.
             The game lasted 00:06:52 (5119 turns).

sanka the Cleaver (Ghoul Monk)                      Turns: 5119, Time: 00:06:52

Health: 0/74       AC:  4    Str: 19    XL:     9   Next: 0%
Magic:  0/8        EV: 13    Int:  5    God:
Gold:   195        SH:  0    Dex: 17    Spells: 8/8 levels left

rFire   + . .      SeeInvis .   a - +0 broad axe (elec)
rCold   + . .      Faith    .   (no shield)
rNeg    + + +      Spirit   +   b - +0 robe
rPois   ∞          Reflect  .   e - +0 helmet
rElec   .          Harm     .   (no cloak)
rCorr   .          Rampage  .   (no gloves)
Will    .....                   f - +0 pair of boots
Stlth   ++........              m - amulet of guardian spirit
HPRegen 0.00/turn               j - ring of protection from fire
MPRegen 0.11/turn               g - +6 ring of dexterity

@: about to teleport, inhibited regen
A: claws 1, cold resistance 1, negative energy resistance 3, inhibited
regeneration, torment resistance 2, devour on kill
a: no special abilities


You were on level 6 of the Dungeon.
You visited 1 branch of the dungeon, and saw 6 of its levels.

You collected 195 gold pieces.


Innate Abilities, Weirdness & Mutations

You are immune to poison.
You have sharp fingernails.
Your flesh is cold resistant. (rC+)
You are immune to negative energy. (rN+++)
You do not regenerate when monsters are visible.
You are immune to unholy pain and torment.
You thrive by killing the living.


   Skills:
 - Level 5.0 Fighting
 * Level 10.1 Axes
 - Level 2.6 Dodging
 - Level 2.1 Stealth


You had 8 spell levels left.
You didn't know any spells.
Your spell library contained the following spells:

 Spells                   Type           Power      Damage    Failure   Level
 Apportation              Tloc           0%         N/A       47%         1
 Necrotise                Necr           0%         1d4       47%         1
 Blink                    Tloc           0%         N/A       63%         2
 Poisonous Vapours        Pois/Air       0%         N/A       63%         2
 Ozocubu's Armour         Ice            0%         N/A       85%         3
 Vampiric Draining        Necr           0%         2d6       85%         3
 Corpse Rot               Necr/Pois/Air  0%         N/A       99%         4
 Agony                    Necr           0%         N/A       100%        5
 Alistair's Intoxication  Tmut/Pois      0%         N/A       100%        5
 Iskenderun's Battlesphe  Conj           0%         2d6       100%        5
 Manifold Assault         Tloc           0%         N/A       100%        5
 Metabolic Englaciation   Hex/Ice        0%         N/A       100%        5
 Iron Shot                Conj/Erth      0%         9d1       100%        6
 Simulacrum               Ice/Necr       0%         N/A       100%        6
 Spellforged Servitor     Conj/Summ      0%         N/A       100%        7
 Storm Form               Tmut/Air       Unusable   N/A       N/A         7

Inventory:

Hand Weapons
 a - a +0 broad axe of electrocution (weapon)
 o - a +0 hand axe
Armour
 b - a +0 robe (worn)
 e - a +0 helmet (worn)
 f - a +0 pair of boots (worn)
 p - a scarf of repulsion
Jewellery
 g - a +6 ring of dexterity (right claw)
 j - a ring of protection from fire (left claw)
 m - an amulet of guardian spirit (around neck)
Scrolls
 d - a scroll of poison {unknown}
 h - 2 scrolls of magic mapping
 i - a scroll of brand weapon
 r - a scroll of noise {unknown}
 s - a scroll of fear {unknown}
 t - a scroll of immolation {unknown}
 u - a scroll of identify {@r1}
 v - a scroll of fog {unknown}
Potions
 c - 2 potions of ambrosia
 k - 2 potions of flight
 l - a potion of invisibility
 q - 3 potions of curing {@q1}
 w - a potion of berserk rage {unknown}

Dungeon Overview and Level Annotations

Branches:
Dungeon (6/15)
 Temple: D:4-7

Altars:
Dithmenos
Nemelex Xobeh
Yredelemnul

Shops:
D:2 [   D:6 (

Annotations:
D:3 exclusion: sky beast
D:4 Pikel

▒.<......▒▒ ....▒
▒............▒▒▒..?.▒▒
▒.....▒▒▒▒.............▒
....▒▒ ▒▒▒>...)......▒
... ▒...).......<.▒ .<
▒▒..)........... .
▒▒.....)...▒▒....
▒▒...▒▒▒)...▒ ... ▒£zn▒▒
▒▒..▒▒ .. ▒.zz▒▒ ▒..▒ .
......▒ ▒.>▒ ....z▒ ..▒
..... ..▒ .... ..▒ ...
...


You could see 4 wights.


Message History

You closely miss the wight.
The wight is heavily damaged.
A wight comes into view. It is wielding a +4 halberd.
You slash the wight!
You destroy the wight!
You hit the wight.
The wight hits you with a +0 great sword.
* * * LOW HITPOINT WARNING * * *
The wight closely misses you.
The wight hits you with a +0 great sword!
* * * LOW HITPOINT WARNING * * *
You have reached level 9!
Your experience leads to an increase in your attributes!
Your base attributes are Str 17, Int 5, Dex 11.
Increase (s)trength, (i)ntelligence, or (d)exterity?
You feel stronger.
You feel stronger.
Unknown command.
You slash the wight!
The wight is heavily damaged.
You barely miss the wight.
The wight hits you with a +0 great sword!
* * * LOW HITPOINT WARNING * * *
The wight hits you with a +0 hand axe.
* * * LOW HITPOINT WARNING * * *
Unknown command.
As you read the scroll of teleportation {@r4}, it crumbles to dust.
You feel strangely unstable.
The wight hits you with a +0 great sword.
You die...

Action                   |  1- 3 |  4- 6 |  7- 9 || total
-------------------------+-------+-------+-------++-------
Melee: Hand axe          |    62 |    85 |       ||   147
       Punch             |     1 |     1 |     1 ||     3
       Broad axe         |       |    64 |   138 ||   202
  Use: Scroll            |       |     7 |     1 ||     8
 Stab: Sleeping          |     2 |     3 |     3 ||     8
Armor: Robe              |    15 |    47 |    29 ||    91
Dodge: Dodged            |    38 |   119 |    86 ||   243

Levels and vault maps discovered:
D:1:      erik_arrival_orb_chamber, layout_basic, minmay_domino_2
D:2:      layout_rooms, nicolae_ecumenical_snake_handling, serial_shops,
          nicolae_shop_waterfront, uniq_natasha, uniq_jessica, uniq_robin
D:3:      layout_loops_ring, nemelex_spade_bored_becter
D:4:      layout_loops_ring, kennysheep_mini, nicolae_yredelemnul_corpse_copse,
          chequers_avenue, uniq_pikel
D:5:      layout_cave_pods
D:6:      layout_layer_cave, minmay_temple_entry_trees, serial_shops, shop,
          hangedman_decor_slide_cut, uniq_edmund

Notes
Turn   | Place    | Note
-------+----------+-------------------------------------------
     0 | D:1      | sanka the Ghoul Monk began the quest for the Orb.
     0 | D:1      | Reached XP level 1. HP: 19/19 MP: 0/0
   183 | D:1      | Reached skill level 3 in Axes
   218 | D:1      | Reached XP level 2. HP: 23/26 MP: 1/1
   747 | D:2      | Noticed Natasha
   765 | D:2      | Killed Natasha
   766 | D:2      | Reached XP level 3. HP: 14/33 MP: 2/2
   946 | D:2      | Noticed Jessica
   951 | D:2      | Killed Jessica
   952 | D:2      | Reached skill level 4 in Fighting
   952 | D:2      | Reached skill level 4 in Axes
   952 | D:2      | Reached XP level 4. HP: 40/40 MP: 3/3
   982 | D:2      | Found Omupt's Armour Boutique.
  1072 | D:2      | Noticed Robin
  1092 | D:2      | Killed Robin
  1115 | D:2      | Reached XP level 5. HP: 29/47 MP: 2/4
  1276 | D:2      | Noticed Natasha
  1282 | D:2      | Killed Natasha
  1411 | D:2      | Noticed Natasha
  1427 | D:2      | Killed Natasha
  1602 | D:2      | Found a faded altar of an unknown god.
  1840 | D:3      | Noticed a sky beast
  1928 | D:3      | Reached skill level 5 in Axes
  2063 | D:3      | Found a sparkling altar of Nemelex Xobeh.
  2590 | D:4      | Reached skill level 5 in Fighting
  2590 | D:4      | Reached XP level 6. HP: 54/56 MP: 5/5
  2724 | D:4      | Noticed Pikel
  3063 | D:4      | Noticed a black bear
  3068 | D:4      | Reached skill level 6 in Axes
  3070 | D:4      | Killed a black bear
  3071 | D:4      | Reached XP level 7. HP: 53/61 MP: 4/6
  3155 | D:4      | Found a basalt altar of Yredelemnul.
  3372 | D:4      | Reached skill level 7 in Axes
  3576 | D:4      | Found a shadowy altar of Dithmenos.
  3820 | D:5      | Entered Level 5 of the Dungeon
  4151 | D:5      | Reached skill level 8 in Axes
  4151 | D:5      | Reached XP level 8. HP: 68/68 MP: 7/7
  4740 | D:5      | Reached skill level 9 in Axes
  4960 | D:6      | Found Naimuul's Weapon Shop.
  5115 | D:6      | Reached skill level 10 in Axes
  5118 | D:6      | Reached XP level 9. HP: 23/74 MP: 3/8
  5118 | D:6      | HP: 5/74 [wight/+0 hand axe (5)]
  5119 | D:6      | Slain by a wight

Vanquished Creatures
  A black bear (D:4)
  An ice beast (D:5)
  A phantom (D:6)
  5 necrophages
  2 scorpions (D:5)
  A wight (D:6)
  A howler monkey (D:5)
  5 hounds
  2 orc priests (D:6)
  3 jellies (D:4)
  Jessica (D:2)
  Natasha (thrice) (D:2)
  5 iguanas
  3 orc wizards
  2 hound zombies (D:4)
  Robin (D:2)
  3 gnolls (D:5)
  9 adders
  A white imp (D:5)
  2 adder zombies (D:4)
  2 worms
  3 dart slugs
  15 orcs
  8 endoplasms
  2 giant cockroaches
  12 goblins
  10 hobgoblins
  3 jackals (D:2)
  8 kobolds
  3 quokkas
  8 ball pythons
  4 bats
  A frilled lizard (D:1)
  5 rats
136 creatures vanquished.
